 Dungeon Crawl Stone Soup version 0.31.0 (webtiles) character file.

Game seed: 10531750598605141955

17301 qw the Skirmisher (level 12, -18/77 HPs)
             Began as a Gargoyle Hunter on Jan 19, 2024.
             Was a High Priest of Okawaru.
             Killed from afar by an oklob plant (22 damage)
             ... with a splash of acid
             ... on level 2 of the Lair of Beasts.
             The game lasted 00:01:17 (10635 turns).

qw the Skirmisher (Gargoyle Hunter)                Turns: 10635, Time: 00:01:18

Health: -18/77     AC: 16    Str: 16    XL:     12   Next: 46%
Magic:  15/19      EV: 14    Int: 10    God:    Okawaru [*****.]
Gold:   297        SH:  0    Dex: 17    Spells: 11/11 levels left

rFire   . . .        p - +2 orcbow (heavy)
rCold   . . .        (shield currently unavailable)
rNeg    + . .        m - +1 steam dragon scales
rPois   inf          f - +0 helmet
rElec   +            h - +0 cloak
rCorr   .            c - +0 pair of gloves
SInv    .            d - +0 pair of boots
Will    .....        (no amulet)
Stlth   ++           i - +4 ring of slaying {mikee}
HPRegen 0.32/turn    u - +4 ring of protection
MPRegen 0.16/turn

%: no passive effects
@: finesse-ful, corroded
A: sickness immunity, AC +8, negative energy resistance 1, electricity
resistance, torment resistance 1, petrification resistance
a: Renounce Religion, Heroism, Finesse, Duel


You were on level 2 of the Lair of Beasts.
You worshipped Okawaru.
Okawaru was extremely pleased with you.
You visited 3 branches of the dungeon, and saw 13 of its levels.

You collected 626 gold pieces.
You spent 329 gold pieces at shops.


Innate Abilities, Weirdness & Mutations

You are immune to sickness and miasma.
Your stone body is resilient. (AC +8)
You are immune to poison.
You resist negative energy. (rN+)
You are resistant to electric shocks. (rElec)
You are resistant to unholy torment.
You are immune to petrification.


   Skills:
 - Level 10.0 Fighting
 + Level 14.4 Ranged Weapons
 - Level 5.0 Armour
 - Level 5.0 Dodging
 - Level 1.1 Stealth
 + Level 9.8 Invocations


You had 11 spell levels left.
You didn't know any spells.
Your spell library was empty.

Inventory:

Hand Weapons
 p - a +2 heavy orcbow (weapon)
Armour
 c - a +0 pair of gloves (worn)
 d - a +0 pair of boots (worn)
 f - a +0 helmet (worn)
 h - a +0 cloak (worn)
 m - +1 steam dragon scales (worn)
Jewellery
 i - a +4 ring of slaying (left hand) {mikee}
 l - a ring of fire
 u - a +4 ring of protection (right hand)
Wands
 e - a wand of polymorph (4)
 k - a wand of mindburst (11)
 r - a wand of roots (8)
Scrolls
 g - 3 scrolls of teleportation
Potions
 a - a potion of might
 b - a potion of magic
 j - a potion of mutation
 n - a potion of cancellation
 o - a potion of resistance
 q - a potion of degeneration {unknown}
 t - a potion of enlightenment {unknown}

Dungeon Overview and Level Annotations

Branches:
Dungeon (10/15)            Temple (1/1) D:6            Lair (2/5) D:10
  Snake (0/4) Lair:2
  Swamp: Lair:2-3    Shoals: Lair:2-3       Orc: D:9-12

Altars:
Ashenzari
Cheibriados
Dithmenos
Elyvilon
Fedhas
Gozag
Hepliaklqana
Kikubaaqudgha
Makhleb
Nemelex Xobeh
Okawaru
Qazlal
Ru
Sif Muna
Trog
Uskayaw
Vehumet
Wu Jian
Xom
Yredelemnul
Zin
The Shining One
Jiyva

Shops:
D:9 (

Annotations:
D:5 3 runed translucent doors, qw's ghost, novice GrHu
D:6 1 runed translucent door, Crazy Yiuf


Message History

The cane toad stings the plant!!
You shoot an arrow. The arrow hits the black mamba!!
The black mamba is severely wounded.
A nearby plant withers and dies.
The oklob plant spits acid at you. The splash of acid hits you!
You shoot an arrow. The arrow hits the black mamba!
The black mamba is almost dead.
You shoot an arrow. The arrow hits the black mamba.
The black mamba is almost dead.
A nearby plant withers and dies.
You shoot an arrow. The arrow hits the black mamba.
You kill the black mamba!
Okawaru accepts your kill.
You shoot an arrow. The arrow barely misses the cane toad.
The arrow hits the oklob plant but does no damage.
The oklob plant is moderately damaged.
You shoot an arrow. The arrow hits the bullfrog!
The bullfrog is severely wounded.
You shoot an arrow. The arrow closely misses the cane toad.
You shoot an arrow. The arrow hits the bullfrog!!
You kill the bullfrog!
Okawaru accepts your kill.
You shoot an arrow.
The arrow completely misses the cane toad.
The cane toad stings you.
You shoot an arrow. The arrow barely misses the cane toad.
You shoot an arrow. The arrow closely misses the cane toad.
The cane toad stings you.
You shoot an arrow. The arrow hits the cane toad!!
The cane toad is severely wounded.
The cane toad barely misses you.
You shoot an arrow. The arrow hits the cane toad!!
You kill the cane toad!
Okawaru accepts your kill. The oklob plant spits acid at you.
The splash of acid hits you!! The acid corrodes you!
The oklob plant spits acid at you. The splash of acid hits you!!
You die...

#=P(?# #PP.(# #P...##
).... ...P# ### .%##.
#.##### ### #.#
#.###.##.###.#
#@###..<..........
#######..#....##.##.#..#
#.##.##..##..#.######P.#
7##.......##.P### #...
7.......P....# ##.. ...
77##.........# ##. .#.
#..####...# ## ...##
######.### ##..## #####
# #....##..P##..P#
#...### #...###


You could see 3 oklob plants.

Vanquished Creatures
  A death yak (Lair:1)
  A two-headed ogre (D:9)
  A skyshark (Lair:2)
  2 black mambas
  A gargoyle (D:10)
  A torpor snail (Lair:1)
  Maggie (D:6)
  3 elephants (Lair:1)
  3 cane toads
  Jeremiah (D:8)
  6 komodo dragons
  Psyche (D:8)
  Grinder (D:5)
  6 blink frogs
  A slime creature (D:9)
  A shadow (D:9)
  A vampire (D:10)
  14 yaks
  3 wyverns
  A basilisk (Lair:1)
  Eustachio (D:4)
  Grum (D:8)
  4 vampire mosquitoes (D:10)
  4 nagas (Lair:2)
  8 water moccasins
  7 orc warriors
  2 black bears
  2 wolves (D:7)
  2 ice beasts
  2 centaurs (D:9)
  2 kobold brigands
  2 phantoms
  5 bullfrogs
  A gnoll sergeant (D:10)
  2 scorpions
  6 wights
  8 killer bees
  4 electric eels (Lair:1)
  A bombardier beetle (D:4)
  4 lava snakes (Lair:1)
  A quasit (D:6)
  3 hounds
  3 gnoll boudas
  4 jellies
  5 orc priests
  5 iguanas
  2 sleepcaps
  7 orc wizards
  9 gnolls
  4 adders (D:6)
  A shadow imp (D:6)
  A white imp (D:7)
  4 ufetubi
  4 ribbon worms
  3 dart slugs
  28 orcs
  5 ball pythons
  4 endoplasms
  3 giant cockroaches
  9 hobgoblins
  6 jackals (D:4)
  14 kobolds
  5 quokkas
  6 bats
  2 frilled lizards (D:2)
  9 goblins
  3 hobgoblin zombies (D:6)
  2 kobold skeletons (D:6)
  3 kobold zombies (D:6)
  An orc skeleton (D:6)
  2 orc zombies (D:6)
  3 rats (D:2)
279 creatures vanquished.

Notes
Turn   | Place    | Note
-------+----------+-------------------------------------------
     0 | D:1      | qw the Gargoyle Hunter began the quest for the Orb.
     0 | D:1      | Reached XP level 1. HP: 12/12 MP: 1/1
     0 | D:1      | 0 ||| qw: Version: 0.3-a-132-g3d54051
     0 | D:1      | 0 ||| qw: Game counter: 398
     0 | D:1      | 0 ||| qw: Melee chars always use a shield: true
     0 | D:1      | 0 ||| qw: God list: Okawaru
     0 | D:1      | 0 ||| qw: Allow faded altars: false
     0 | D:1      | 0 ||| qw: Do Orc after clearing Dungeon:15 true
     0 | D:1      | 0 ||| qw: Do second Lair branch before Depths: true
     0 | D:1      | 0 ||| qw: Lair rune preference: random
     0 | D:1      | 0 ||| qw: Goals: Normal
     0 | D:1      | 0 ||| PLANNING D:1-11
   211 | D:1      | Reached XP level 2. HP: 17/17 MP: 2/2
   524 | D:1      | Found a faded altar of an unknown god.
   713 | D:1      | 713 ||| UPGRADING to +0 ring mail.
   723 | D:1      | 723 ||| DROPPING +0 leather armour.
   724 | D:1      | 724 ||| READING 2 scrolls labelled XIEMEU UXOZI.
   725 | D:1      | 725 ||| READING scroll labelled PIHAPT MOUCRUK.
   726 | D:1      | 726 ||| DROPPING scroll of butterflies.
   727 | D:1      | 727 ||| DROPPING scroll of fog.
   782 | D:2      | Reached XP level 3. HP: 8/21 MP: 3/3
   784 | D:2      | 784 ||| FLEEEEING.
   787 | D:2      | 787 ||| STAIRDANCE
   956 | D:2      | Reached skill level 1 in Armour
  1077 | D:2      | Reached skill level 5 in Ranged Weapons
  1206 | D:2      | 1206 ||| READING scroll labelled FAMEKIWAEF.
  1207 | D:2      | 1207 ||| READING scroll labelled KAPETI CAOBOA.
  1208 | D:2      | 1208 ||| FLEEEEING.
  1211 | D:2      | 1211 ||| READING scroll labelled DAYNTO ZELO.
  1430 | D:3      | 1430 ||| FLEEEEING.
  1502 | D:3      | Reached skill level 3 in Fighting
  1502 | D:3      | Reached XP level 4. HP: 23/28 MP: 4/4
  1502 | D:3      | 1502 ||| FLEEEEING.
  1948 | D:3      | 1948 ||| UPGRADING to +4 ring of slaying {mikee}.
  1949 | D:3      | 1949 ||| READING scroll of identify.
  1949 | D:3      | 1949 ||| IDENTIFYING bubbling coppery potion
  1950 | D:3      | 1950 ||| READING scroll labelled TOCEM JOLUK.
  1951 | D:3      | 1951 ||| READING scroll labelled ASKU EDICH.
  1951 | D:3      | 1951 ||| BRANDING +0 shortbow.
  2016 | D:4      | Reached XP level 5. HP: 32/32 MP: 5/5
  2024 | D:4      | 2024 ||| DRINKING fizzy clear potion.
  2034 | D:4      | Reached skill level 6 in Ranged Weapons
  2088 | D:4      | Noticed Eustachio
  2103 | D:4      | 2103 ||| FLEEEEING.
  2104 | D:4      | 2104 ||| FLEEEEING.
  2105 | D:4      | 2105 ||| FLEEEEING.
  2106 | D:4      | 2106 ||| FLEEEEING.
  2107 | D:4      | 2107 ||| FLEEEEING.
  2108 | D:4      | 2108 ||| FLEEEEING.
  2122 | D:4      | 2122 ||| RETREEEEATING.
  2123 | D:4      | 2123 ||| RETREEEEATING.
  2124 | D:4      | 2124 ||| RETREEEEATING.
  2125 | D:4      | 2125 ||| RETREEEEATING.
  2126 | D:4      | 2126 ||| RETREEEEATING.
  2139 | D:4      | Killed Eustachio
  2140 | D:4      | Reached XP level 6. HP: 19/40 MP: 6/6
  2830 | D:4      | 2830 ||| UPGRADING to +0 pair of gloves.
  2835 | D:4      | 2835 ||| DROPPING +6 ring of intelligence.
  2836 | D:4      | 2836 ||| READING 2 scrolls of identify.
  2836 | D:4      | 2836 ||| IDENTIFYING glowing cyan potion
  2837 | D:4      | 2837 ||| READING scroll of identify.
  2837 | D:4      | 2837 ||| IDENTIFYING scroll labelled DUIR TEZAGH
  2838 | D:4      | 2838 ||| DROPPING scroll of noise.
  2839 | D:4      | 2839 ||| DROPPING potion of attraction.
  2857 | D:5      | Entered Level 5 of the Dungeon
  2857 | D:5      | Found a glowing silver altar of Zin.
  2938 | D:5      | Reached XP level 7. HP: 44/44 MP: 7/7
  3045 | D:5      | Found a runed translucent gate.
  3045 | D:5      | Found a runed translucent gate.
  3045 | D:5      | Found a runed translucent gate.
  3046 | D:5      | Noticed qw's ghost (novice GrHu)
  3079 | D:5      | Noticed Grinder
  3096 | D:5      | Killed Grinder
  3097 | D:5      | Reached skill level 7 in Ranged Weapons
  3097 | D:5      | 3097 ||| FLEEEEING.
  3441 | D:5      | Reached skill level 8 in Ranged Weapons
  3669 | D:5      | 3669 ||| READING scroll labelled IGHEZXEI ORPHI.
  3970 | D:6      | Reached XP level 8. HP: 49/49 MP: 8/8
  3973 | D:6      | Found a staircase to the Ecumenical Temple.
  3974 | D:6      | 3974 ||| PLANNING TEMPLE
  4025 | D:6      | 4025 ||| DRINKING dark potion.
  4026 | D:6      | 4026 ||| DRINKING glowing sapphire potion.
  4137 | D:6      | Reached skill level 9 in Ranged Weapons
  4147 | D:6      | Found a glowing golden altar of the Shining One.
  4378 | D:6      | Reached skill level 6 in Fighting
  4389 | D:6      | Found a runed translucent door.
  4390 | D:6      | Noticed Crazy Yiuf
  4467 | D:6      | Noticed Maggie
  4481 | D:6      | Killed Maggie
  4482 | D:6      | 4482 ||| FLEEEEING.
  4491 | D:6      | 4491 ||| STAIRDANCE
  4594 | D:5      | 4594 ||| UPGRADING to +0 cloak.
  4599 | D:5      | 4599 ||| DRINKING 2 lumpy red potions.
  4600 | D:5      | 4600 ||| DROPPING potion of brilliance.
  4717 | D:6      | Reached skill level 10 in Ranged Weapons
  4793 | D:6      | Reached skill level 3 in Armour
  4793 | D:6      | Reached XP level 9. HP: 55/55 MP: 9/9
  5079 | D:6      | 5079 ||| UPGRADING to +0 helmet.
  5084 | D:6      | 5084 ||| UPGRADING to +0 steam dragon scales.
  5094 | D:6      | 5094 ||| DROPPING +0 ring mail.
  5159 | D:7      | Reached skill level 3 in Dodging
  5159 | D:7      | 5159 ||| FLEEEEING.
  5160 | D:7      | 5160 ||| FLEEEEING.
  5161 | D:7      | 5161 ||| FLEEEEING.
  5162 | D:7      | 5162 ||| FLEEEEING.
  5163 | D:7      | 5163 ||| FLEEEEING.
  5167 | D:7      | 5167 ||| FLEEEEING.
  5168 | D:7      | 5168 ||| FLEEEEING.
  5169 | D:7      | 5169 ||| FLEEEEING.
  5170 | D:7      | 5170 ||| FLEEEEING.
  5171 | D:7      | 5171 ||| FLEEEEING.
  5172 | D:7      | 5172 ||| FLEEEEING.
  5173 | D:7      | 5173 ||| FLEEEEING.
  5174 | D:7      | 5174 ||| FLEEEEING.
  5175 | D:7      | 5175 ||| FLEEEEING.
  5176 | D:7      | 5176 ||| STAIRDANCE
  5275 | D:7      | 5275 ||| STAIRDANCE
  5440 | D:7      | Found an opulent altar of Gozag.
  5488 | D:7      | 5488 ||| UPGRADING to +0 pair of boots.
  5664 | Temple   | Entered the Ecumenical Temple
  5665 | Temple   | 5665 ||| PLANNING OKAWARU WORSHIP
  5677 | Temple   | Became a worshipper of Warmaster Okawaru
  5678 | Temple   | 5678 ||| PLANNING D:1-11
  5790 | D:7      | Found a flagged portal.
  5878 | D:7      | 5878 ||| DROPPING +0 leather armour of willpower.
  5879 | D:7      | 5879 ||| DRINKING 2 clear potions.
  5904 | D:8      | Noticed Grum
  5905 | D:8      | 5905 ||| STAIRDANCE
  5911 | D:7      | 5911 ||| FLEEEEING.
  5936 | D:8      | 5936 ||| STAIRDANCE
  5972 | D:8      | 5972 ||| STAIRDANCE
  5974 | D:7      | 5974 ||| FLEEEEING.
  5997 | D:8      | Killed Grum
  6035 | D:8      | Found a white marble altar of Elyvilon.
  6035 | D:8      | Found a burning altar of Makhleb.
  6065 | D:8      | Noticed Psyche
  6066 | D:8      | 6066 ||| RETREEEEATING.
  6067 | D:8      | 6067 ||| RETREEEEATING.
  6068 | D:8      | 6068 ||| RETREEEEATING.
  6069 | D:8      | 6069 ||| RETREEEEATING.
  6083 | D:8      | Reached skill level 11 in Ranged Weapons
  6083 | D:8      | 6083 ||| DRINKING potion of haste.
  6089 | D:8      | Killed Psyche
  6089 | D:8      | Reached * piety under Okawaru
  6261 | D:8      | Identified the blade talisman of Zyjeneh {rC- rN++}
  6327 | D:8      | Reached skill level 1 in Invocations
  6476 | D:8      | Found a snail-covered altar of Cheibriados.
  6574 | D:8      | Reached XP level 10. HP: 64/64 MP: 10/12
  6574 | D:8      | 6574 ||| FLEEEEING.
  6603 | D:8      | Noticed Jeremiah
  6604 | D:8      | 6604 ||| INVOKING Heroism.
  6612 | D:8      | Killed Jeremiah
  6613 | D:8      | Reached skill level 3 in Invocations
  6683 | D:8      | 6683 ||| FLEEEEING.
  7043 | D:8      | 7043 ||| READING 3 scrolls of identify.
  7043 | D:8      | 7043 ||| IDENTIFYING viscous yellow potion
  7044 | D:8      | 7044 ||| READING 2 scrolls of identify.
  7044 | D:8      | 7044 ||| IDENTIFYING bubbling emerald potion
  7045 | D:8      | 7045 ||| READING scroll of identify.
  7045 | D:8      | 7045 ||| IDENTIFYING glowing inky potion
  7087 | D:9      | 7087 ||| STAIRDANCE
  7094 | D:9      | 7094 ||| STAIRDANCE
  7225 | D:9      | Found Xeil's Antique Weapon Boutique.
  7232 | D:9      | 7232 ||| BUYING orcbow (115 gold).
  7232 | D:9      | Bought an orcbow for 115 gold pieces
  7232 | D:9      | 7232 ||| BUYING runed orcbow (214 gold).
  7232 | D:9      | Bought a runed orcbow for 214 gold pieces
  7232 | D:9      | 7232 ||| SWAPPING to +1 heavy orcbow.
  7233 | D:9      | 7233 ||| DROPPING +0 shortbow of draining.
  7234 | D:9      | 7234 ||| DROPPING +0 orcbow.
  7263 | D:9      | Noticed a two-headed ogre
  7264 | D:9      | 7264 ||| RETREEEEATING.
  7265 | D:9      | 7265 ||| RETREEEEATING.
  7266 | D:9      | 7266 ||| INVOKING Heroism.
  7274 | D:9      | Killed a two-headed ogre
  7274 | D:9      | Reached ** piety under Okawaru
  7339 | D:9      | Reached skill level 12 in Ranged Weapons
  7342 | D:9      | 7342 ||| FLEEEEING.
  7469 | D:9      | Reached *** piety under Okawaru
  7491 | D:9      | 7491 ||| RETREEEEATING.
  7492 | D:9      | 7492 ||| RETREEEEATING.
  7493 | D:9      | 7493 ||| RETREEEEATING.
  7494 | D:9      | 7494 ||| RETREEEEATING.
  7495 | D:9      | 7495 ||| RETREEEEATING.
  7496 | D:9      | 7496 ||| RETREEEEATING.
  7497 | D:9      | 7497 ||| RETREEEEATING.
  7498 | D:9      | 7498 ||| RETREEEEATING.
  7499 | D:9      | 7499 ||| RETREEEEATING.
  7500 | D:9      | 7500 ||| RETREEEEATING.
  7501 | D:9      | 7501 ||| RETREEEEATING.
  7507 | D:9      | 7507 ||| RETREEEEATING.
  7508 | D:9      | 7508 ||| RETREEEEATING.
  7509 | D:9      | 7509 ||| RETREEEEATING.
  7603 | D:9      | 7603 ||| RETREEEEATING.
  7604 | D:9      | 7604 ||| RETREEEEATING.
  7605 | D:9      | 7605 ||| RETREEEEATING.
  7606 | D:9      | 7606 ||| RETREEEEATING.
  7607 | D:9      | 7607 ||| RETREEEEATING.
  7608 | D:9      | 7608 ||| RETREEEEATING.
  7609 | D:9      | 7609 ||| RETREEEEATING.
  7610 | D:9      | 7610 ||| RETREEEEATING.
  7611 | D:9      | 7611 ||| RETREEEEATING.
  7629 | D:9      | Reached skill level 13 in Ranged Weapons
  7629 | D:9      | 7629 ||| FLEEEEING.
  7711 | D:9      | Reached XP level 11. HP: 68/68 MP: 14/14
  7958 | D:9      | 7958 ||| READING scroll labelled TAUC YKHLILIL.
  7958 | D:9      | 7958 ||| ENCHANTING +1 heavy orcbow.
  8006 | D:10     | Entered Level 10 of the Dungeon
  8027 | D:10     | Reached **** piety under Okawaru
  8028 | D:10     | Reached skill level 9 in Fighting
  8047 | D:10     | 8047 ||| FLEEEEING.
  8054 | D:10     | 8054 ||| STAIRDANCE
  8131 | D:10     | Found a staircase to the Lair.
  8442 | D:10     | 8442 ||| RETREEEEATING.
  8445 | D:10     | 8445 ||| RETREEEEATING.
  8446 | D:10     | 8446 ||| RETREEEEATING.
  8447 | D:10     | 8447 ||| RETREEEEATING.
  8448 | D:10     | 8448 ||| RETREEEEATING.
  8449 | D:10     | 8449 ||| RETREEEEATING.
  8450 | D:10     | 8450 ||| RETREEEEATING.
  8451 | D:10     | 8451 ||| RETREEEEATING.
  8452 | D:10     | 8452 ||| RETREEEEATING.
  8453 | D:10     | 8453 ||| RETREEEEATING.
  8454 | D:10     | 8454 ||| RETREEEEATING.
  8455 | D:10     | 8455 ||| RETREEEEATING.
  8456 | D:10     | 8456 ||| STAIRDANCE
  8459 | D:9      | 8459 ||| FLEEEEING.
  8483 | D:9      | 8483 ||| READING scroll of identify.
  8483 | D:9      | 8483 ||| IDENTIFYING brown potion
  8487 | D:10     | 8487 ||| STAIRDANCE
  8582 | D:10     | 8582 ||| STAIRDANCE
  8602 | D:10     | Found a viscous altar of Jiyva.
  8639 | D:10     | 8639 ||| FLEEEEING.
  8677 | D:10     | 8677 ||| FLEEEEING.
  9013 | D:10     | 9013 ||| PLANNING LAIR
  9061 | Lair:1   | Entered Level 1 of the Lair of Beasts
  9065 | Lair:1   | 9065 ||| RETREEEEATING.
  9066 | Lair:1   | 9066 ||| RETREEEEATING.
  9070 | Lair:1   | 9070 ||| RETREEEEATING.
  9071 | Lair:1   | 9071 ||| RETREEEEATING.
  9073 | Lair:1   | Reached ***** piety under Okawaru
  9079 | Lair:1   | Reached skill level 6 in Invocations
  9085 | Lair:1   | 9085 ||| FLEEEEING.
  9089 | Lair:1   | 9089 ||| STAIRDANCE
  9260 | Lair:1   | 9260 ||| FLEEEEING.
  9276 | Lair:1   | 9276 ||| RETREEEEATING.
  9277 | Lair:1   | 9277 ||| RETREEEEATING.
  9278 | Lair:1   | 9278 ||| RETREEEEATING.
  9279 | Lair:1   | 9279 ||| RETREEEEATING.
  9280 | Lair:1   | 9280 ||| INVOKING Finesse.
  9291 | Lair:1   | Reached skill level 14 in Ranged Weapons
  9293 | Lair:1   | HP: 10/71 [cane toad (18)]
  9294 | Lair:1   | 9294 ||| READING 4 scrolls of teleportation.
  9295 | Lair:1   | 9295 ||| DRINKING potion of heal wounds.
  9459 | Lair:1   | Received a gift from Okawaru
  9542 | Lair:1   | Noticed a death yak
  9543 | Lair:1   | 9543 ||| INVOKING Finesse.
  9555 | Lair:1   | Killed a death yak
  9561 | Lair:1   | Reached XP level 12. HP: 63/77 MP: 12/18
 10089 | Lair:1   | 10089 ||| UPGRADING to +4 ring of protection.
 10090 | Lair:1   | 10090 ||| READING scroll labelled ECUL XYTIHEV.
 10091 | Lair:1   | 10091 ||| READING scroll labelled NORORA SATIESK.
 10092 | Lair:1   | 10092 ||| FLEEEEING.
 10202 | Lair:1   | 10202 ||| READING scroll labelled OTEUL JOREON.
 10202 | Lair:1   | 10202 ||| ENCHANTING +0 steam dragon scales.
 10248 | Lair:2   | Received a gift from Okawaru
 10249 | Lair:2   | Reached skill level 9 in Invocations
 10397 | Lair:2   | 10397 ||| FLEEEEING.
 10416 | Lair:2   | Noticed a skyshark
 10417 | Lair:2   | 10417 ||| INVOKING Finesse.
 10422 | Lair:2   | Killed a skyshark
 10453 | Lair:2   | Found a staircase to the Snake Pit.
 10619 | Lair:2   | 10619 ||| RETREEEEATING.
 10620 | Lair:2   | 10620 ||| INVOKING Finesse.
 10635 | Lair:2   | HP: 4/77 [oklob plant/splash of acid (32)]
 10635 | Lair:2   | Killed from afar by an oklob plant

Levels and vault maps discovered:
D:1:      eino_arrival_cavern_b, layout_loops_ring,
          ebering_ecumenical_altar_hall
D:2:      layout_rooms
D:3:      layout_basic
D:4:      layout_loops_ring, chequers_big_river, uniq_eustachio
D:5:      layout_basic, lemuel_crystal_altar, serial_co_window_serial,
          co_window_cross_1, co_window_cross_1, co_window_corner_a,
          co_window_of_opportunity_a, co_window_corner_a,
          co_window_unsneaky_path_e, co_window_of_opportunity_b,
          co_window_broadway_c, co_window_2corner, co_window_broadway_c,
          co_window_corner_ca, glass_columns_a, ebering_ghost_rock_garden,
          uniq_grinder
D:6:      layout_basic, nicolae_tso_besieged_by_evil,
          minmay_temple_entry_from_below_a, uniq_maggie, uniq_crazy_yiuf_cottage
D:7:      layout_basic, general_overflow_altar, enter_bailey_4
D:8:      layout_cave_pods, chei_slow_surprise,
          gammafunk_temple_overflow_elements, hangedman_decor_push,
          dreamdust_gnoll_shepherd, uniq_jeremiah, uniq_grum, uniq_psyche
D:9:      layout_gridville, serial_shops, nicolae_shop_just_a_little_nook,
          st_stairs_3
D:10:     layout_gridville, due_lair_maze_entry_diamond, jiyva_altar_1
Temple:   compressed_dpeg_triangle_lava_temple
Lair:1:   layout_long_grid, nicolae_lair_liquid_snakes, lemuel_fruit_fields
Lair:2:   minmay_lair_oklob_chamber, layout_loops_ring,
          mainiacjoe_swamp_entry_angry_trees, minmay_snake_entry_guardpost_small

Skill      XL: |  1  2  3  4  5  6  7  8  9 10 11 12 |
---------------+-------------------------------------+-----
Armour         | 1 2 3 4 5 |  5.0
Ranged Weapons | 5 6 8 10 11 13 14 | 14.4
Fighting       | 3 5 6 7 8 9 10 | 10.0
Dodging        | 2 3 4 5 |  5.0
Invocations    | 2 4 8 9 |  9.8
Stealth        | |  1.1

Action                     |  1- 3 |  4- 6 |  7- 9 | 10-12 || total
---------------------------+-------+-------+-------+-------++-------
   Fire: Shortbow          |   153 |   117 |   340 |    53 ||   663
         Orcbow            |       |       |       |   354 ||   354
 Invoke: Heroism           |       |       |       |     2 ||     2
         Finesse           |       |       |       |     4 ||     4
    Use: Scroll            |     5 |     5 |     1 |     9 ||    20
         Potion            |       |     1 |     5 |     1 ||     7
 Armour: Leather armour    |     9 |       |       |       ||     9
         Ring mail         |    49 |    77 |    88 |       ||   214
         Skin              |       |       |    10 |       ||    10
         Steam dragon scal |       |       |    39 |   195 ||   234
  Dodge: Dodged            |    46 |    27 |   118 |   196 ||   387

Table legend:
 A = Non-vault XP
 B = Vault XP
 C = Vault XP percentage of total XP
 D = Non-vault monster count
 E = Vault monster count
 F = Vault count percentage of total count
                 A         B        C        D         E       F
            +---------+---------+-------+---------+---------+-------
      Total |   17467 |    7667 |  30.5 |     222 |      57 |  20.4
            +---------+---------+-------+---------+---------+-------
        D:1 |      33 |       0 |   0.0 |      18 |       0 |   0.0
        D:2 |      30 |       0 |   0.0 |      17 |       0 |   0.0
        D:3 |      31 |       0 |   0.0 |      13 |       0 |   0.0
        D:4 |     223 |     196 |  46.8 |      24 |       1 |   4.0
        D:5 |     331 |     281 |  45.9 |      13 |       1 |   7.1
        D:6 |     892 |     474 |  34.7 |      22 |      13 |  37.1
        D:7 |     639 |     256 |  28.6 |      15 |       7 |  31.8
        D:8 |     968 |    1164 |  54.6 |      17 |       5 |  22.7
        D:9 |    3014 |    1243 |  29.2 |      29 |       5 |  14.7
       D:10 |    1252 |    2099 |  62.6 |      20 |      11 |  35.5
     Lair:1 |    7693 |     361 |   4.5 |      26 |       7 |  21.2
     Lair:2 |    2361 |    1593 |  40.3 |       8 |       7 |  46.7
            +---------+---------+-------+---------+---------+-------
